 Dungeon Crawl Stone Soup version 0.31.0-32-g396128a36d (webtiles) character file.

Game seed: 3492114533275860674

145 PaiMei the Grave Robber (level 5, -6/38 HPs)
             Began as a Demonspawn Necromancer on Apr 15, 2024.
             Mangled by a black bear (9 damage)
             ... on level 4 of the Dungeon.
             The game lasted 00:04:38 (3593 turns).

PaiMei the Grave Robber (Demonspawn Necromancer)    Turns: 3593, Time: 00:04:38

Health: -6/38      AC:  3    Str:  6 (8)  XL:     5   Next: 6%
Magic:  0/9        EV: 15    Int: 18      God:
Gold:   124        SH:  4    Dex: 12 (13) Spells: 6/10 levels left

rFire   . . .        h - +0 short sword
rCold   . . .        (no shield)
rNeg    . . .        a - +0 robe
rPois   .            (no helmet)
rElec   .            (no cloak)
rCorr   .            (no gloves)
SInv    .            (no boots)
Will    .....        (no amulet)
Stlth   ++           (no ring)
HPRegen 1.06/turn    (no ring)
MPRegen 0.11/turn

%: no passive effects
@: no status effects
A: repulsion field 2, condensation shield, regeneration 1, shaggy fur 1
a: no special abilities


You were on level 4 of the Dungeon.
You visited 1 branch of the dungeon, and saw 4 of its levels.

You collected 124 gold pieces.

Inventory:

Hand Weapons
 h - a +0 short sword (weapon)
Missiles
 m - 11 poisoned darts (quivered)
Armour
 a - a +0 robe (worn)
 o - a +0 kite shield
Wands
 e - a wand of digging (6)
Scrolls
 c - a scroll of immolation {unknown}
 f - 2 scrolls of vulnerability {unknown}
 g - 2 scrolls of revelation {unknown}
 i - 5 scrolls of identify {unknown}
 j - a scroll of enchant armour {unknown}
 k - a scroll of noise {unknown}
 l - 3 scrolls of silence {unknown}
 q - 2 scrolls of poison {unknown}
Potions
 b - a potion of magic
 d - a potion of mutation
 n - a potion of lignification {unknown}
 p - a potion of heal wounds {unknown}


   Skills:
 + Level 1.9 Fighting
 + Level 2.7 Dodging
 - Level 2.0 Stealth
 + Level 3.0 Spellcasting
 + Level 5.1 Necromancy


You had 6 spell levels left.
You knew the following spells:

 Your Spells              Type           Power      Damage    Failure   Level
a - Necrotise             Necr           84%        1d8       1%          1
b - Vampiric Draining     Necr           21%        2d7       6%          3

Your spell library contained the following spells:

 Spells                   Type           Power      Damage    Failure   Level
 Animate Dead             Necr           21%        N/A       19%         4
 Curse of Agony           Necr           21%        N/A       47%         5


Dungeon Overview and Level Annotations

Branches:
Dungeon (4/15)             Temple (0/1) D:4

Altars:

Shops:
D:4 (


Innate Abilities, Weirdness & Mutations

You are surrounded by a moderate repulsion field. (EV +3)
A meltable shield of frost defends you. (SH +4)
Your natural rate of healing is unusually fast.
You are covered in fur. (AC +1)


Message History

You don't have enough magic to cast this spell.
Casting: Necrotise (safe; 1% risk of failure)
Confirm with . or Enter, or press ? or * to list all spells.
You don't have enough magic to cast this spell.
You hit the black bear.
The black bear is almost dead.
The black bear closely misses you. x2; The black bear claws you.
The black bear bites you! The black bear claws you. x2
You hit the black bear.
The black bear is almost dead.
The black bear misses you. The black bear claws you. x2
* * * LOW HITPOINT WARNING * * *
You hit the black bear.
The black bear is almost dead.
The black bear bites you but does no damage.
The black bear claws you but does no damage.
The black bear claws you.
* * * LOW HITPOINT WARNING * * *
The black bear barely misses you. You block the black bear's attack.
The black bear claws you.
* * * LOW HITPOINT WARNING * * *
Casting: Necrotise (safe; 1% risk of failure)
Confirm with . or Enter, or press ? or * to list all spells.
Aiming: Necrotise (safe; 1% risk of failure)
Press: ? - help, Shift-Dir - straight line, f/p - black bear
Aim: a black bear (almost dead, berserk, chance to affect: 80%)
The black bear writhes in agony.
The black bear closely misses you. The black bear barely misses you.
The black bear claws you.
* * * LOW HITPOINT WARNING * * *
You barely miss the black bear.
The black bear is almost dead.
The black bear bites you.
* * * LOW HITPOINT WARNING * * *
The black bear completely misses you. x2; The black bear bites you.
* * * LOW HITPOINT WARNING * * *
You block the black bear's attack. The black bear barely misses you.
You closely miss the black bear.
The black bear is almost dead.
The black bear bites you!
You die...

#.##....................##...#
#.##.....................##..#
.........###.................#
........##.........>......<..#
...#............##..##......##
##......).....#.##...###.....#
#............#...... ##.(###
#.................# #.##
.............@.....# ##
............h.......#
...................##
##.............##.##
............# # ......#...##
##..###.## #.# ##


You could see a black bear (berserk).

Vanquished Creatures
  A scorpion (D:4)
  2 adders (D:3)
  A white imp (D:3)
  A dart slug (D:2)
  2 ribbon worms (D:3)
  3 endoplasms
  3 giant cockroaches
  2 goblins (D:2)
  8 hobgoblins
  2 quokkas
  8 ball pythons
  5 bats
  A frilled lizard (D:2)
  6 kobolds
  5 rats
50 creatures vanquished.

Vanquished Creatures (collateral kills)
  A ball python (D:4)
  A goblin (D:1)
  A hobgoblin (D:3)
3 creatures vanquished.

Grand Total: 53 creatures vanquished

Notes
Turn   | Place    | Note
-------+----------+-------------------------------------------
     0 | D:1      | PaiMei the Demonspawn Necromancer began the quest for the
                  | Orb.
     0 | D:1      | Reached XP level 1. HP: 13/13 MP: 3/3
   372 | D:1      | Gained mutation: A meltable shield of frost defends you.
                  | (SH +4) [demonic ancestry]
   372 | D:1      | Reached XP level 2. HP: 19/19 MP: 0/5
  1553 | D:2      | Found a faded altar of an unknown god.
  1725 | D:2      | Gained mutation: You are surrounded by a mild repulsion
                  | field. (EV +2) [demonic ancestry]
  1725 | D:2      | Reached XP level 3. HP: 25/25 MP: 1/6
  1729 | D:2      | Learned a level 3 spell: Vampiric Draining
  2298 | D:3      | Reached skill level 1 in Fighting
  3098 | D:3      | Gained mutation: You are surrounded by a moderate repulsion
                  | field. (EV +3) [demonic ancestry]
  3098 | D:3      | Reached XP level 4. HP: 32/32 MP: 1/7
  3209 | D:3      | Gained mutation: Your natural rate of healing is unusually
                  | fast. [potion of mutation]
  3209 | D:3      | Gained mutation: You are covered in fur. (AC +1) [potion of
                  | mutation]
  3421 | D:4      | Found Risurer's Weapon Shoppe.
  3426 | D:4      | Noticed a black bear
  3455 | D:4      | Noticed a scorpion
  3460 | D:4      | Killed a scorpion
  3461 | D:4      | Reached skill level 5 in Necromancy
  3461 | D:4      | Reached XP level 5. HP: 38/38 MP: 3/9
  3539 | D:4      | Found a staircase to the Ecumenical Temple.
  3579 | D:4      | Noticed a black bear
  3592 | D:4      | HP: 1/38 [black bear (1)]
  3593 | D:4      | Mangled by a black bear

Illustrated notes

Levels and vault maps discovered:
D:1:      dpeg_arrival_rhombi, layout_loops_corners
D:2:      layout_loops_ring, shapermc_ecumenical_altar_pompeii
D:3:      layout_loops_ring
D:4:      layout_cave_pools, minmay_temple_entry_glass,
          mainiacjoe_sewer_entry_somewhere_in_here_2, serial_shops,
          nicolae_diamond_shop

Skill      XL: |  1  2  3  4 |
---------------+-------------+-----
Stealth        | 2 |  2.0
Dodging        | 2 |  2.7
Fighting       | 1 |  1.9
Spellcasting   | 3 |  3.0
Necromancy     | 5 |  5.1

Action                     |  1- 3 |  4- 6 || total
---------------------------+-------+-------++-------
  Melee: Unarmed           |     4 |       ||     4
         Short sword       |     9 |    35 ||    44
         Punch             |       |     1 ||     1
   Cast: Necrotise         |    92 |    14 ||   106
         Vampiric Draining |       |     3 ||     3
    Use: Potion            |       |     6 ||     6
 Armour: Robe              |    13 |    27 ||    40
  Dodge: Dodged            |    16 |    39 ||    55
  Block: Other             |       |     6 ||     6
